 Dungeon Crawl Stone Soup version 0.29.1-12-g30fa7ad0bf (webtiles) character file.

Game seed: 7416938928160451586

3 Pytinka the Stinger (level 1, -3/10 HPs)
             Began as a Gargoyle Venom Mage on Dec 22, 2022.
             Frozen to death by an endoplasm (4 damage)
             ... on level 1 of the Dungeon.
             The game lasted 00:00:14 (90 turns).

Pytinka the Stinger (Gargoyle Venom Mage)             Turns: 90, Time: 00:00:15

Health: -3/10      AC:  4    Str: 11    XL:     1   Next: 50%
Magic:  0/3        EV: 12    Int: 15    God:
Gold:   3          SH:  0    Dex: 10    Spells: 3/4 levels left

rFire   . . .      SeeInvis .   (no weapon)
rCold   . . .      Faith    .   (no shield)
rNeg    + . .      Spirit   .   a - +0 robe
rPois   ∞          Reflect  .   (no helmet)
rElec   +          Harm     .   (no cloak)
rCorr   .          Rampage  .   (no gloves)
Will    .....                   (no boots)
Stlth   ++........              (no amulet)
HPRegen 0.03/turn               (no ring)
MPRegen 0.08/turn               (no ring)

@: very slightly contaminated
A: sickness immunity, AC +2, negative energy resistance 1, electricity
resistance, torment resistance 1, petrification resistance
a: no special abilities


You were on level 1 of the Dungeon.
You visited 1 branch of the dungeon, and saw 1 of its levels.

You collected 3 gold pieces.

Inventory:

Armour
 a - a +0 robe (worn)
Potions
 b - a potion of magic


   Skills:
 + Level 1.7 Dodging
 + Level 2.2 Stealth
 + Level 2.0 Spellcasting
 + Level 0.7 Transmutations
 + Level 3.1 Poison Magic


You had 3 spell levels left.
You knew the following spells:

 Your Spells              Type           Power      Damage    Failure   Level
a - Sting                 Tmut/Pois      28%        1d4       10%         1

Your spell library contained the following spells:

 Spells                   Type           Power      Damage    Failure   Level
 Poisonous Vapours        Pois/Air       12%        N/A       19%         2
 Mephitic Cloud           Conj/Pois/Air  4%         N/A       41%         3
 Olgreb's Toxic Radiance  Pois           10%        N/A       52%         4


Dungeon Overview and Level Annotations

Branches:
Dungeon (1/15)

Altars:


Innate Abilities, Weirdness & Mutations

You are immune to sickness and miasma.
Your stone body is resilient. (AC +2)
You are immune to poison.
You resist negative energy. (rN+)
You are resistant to electric shocks. (rElec)
You are resistant to unholy torment.
You are immune to petrification.


Message History

The endoplasm closely misses you.
You hit the endoplasm but do no damage.
The endoplasm is heavily wounded.
The endoplasm barely misses you.
You barely miss the endoplasm.
The endoplasm is heavily wounded.
The endoplasm hits you but does no damage.
You hit the endoplasm.
The endoplasm is severely wounded.
The endoplasm freezes you.
You are frozen.
The sting hits the endoplasm.
The endoplasm partially resists.
The endoplasm is poisoned.
The endoplasm is almost dead.
You kill the endoplasm!
You hit the endoplasm.
The endoplasm is severely wounded.
The endoplasm freezes you.
You are frozen.
* * * LOW HITPOINT WARNING * * *
The endoplasm attacks as you move away! The endoplasm closely misses you.
The endoplasm attacks as you move away! The endoplasm hits you.
* * * LOW HITPOINT WARNING * * *
The endoplasm attacks as you move away! The endoplasm misses you.
A kobold and a ball python come into view.
The kobold shouts!
You hear a bark!
Casting: Sting (safe; 10% risk of failure)
Confirm with . or Enter, or press ? or * to list all spells.
Aiming: Sting (safe; 10% risk of failure)
Press: ? - help, Shift-Dir - straight line, f - endoplasm
Aim: an endoplasm (severely wounded, 97% to hit)
You miscast Sting.
You are very lightly contaminated with residual magic.
Nothing appears to happen.
The endoplasm closely misses you.
Unknown command.
You hit the endoplasm but do no damage.
The endoplasm is severely wounded.
The endoplasm freezes you.
You are frozen.
You die...

#########
##.......##
######....<....###
##.................
#...⌠....##+##....⌠
#........#...#.....
#........'8.8+.....
############'#######
#..@J...............
#.##################
K. ..S ... .. .


You could see an endoplasm, a ball python and a kobold.

Vanquished Creatures
  An endoplasm (D:1)
  A goblin (D:1)
  A ball python (D:1)
3 creatures vanquished.

Notes
Turn   | Place    | Note
-------+----------+-------------------------------------------
     0 | D:1      | Pytinka the Gargoyle Venom Mage began the quest for the
                  | Orb.
     0 | D:1      | Reached XP level 1. HP: 10/10 MP: 3/3
    90 | D:1      | Frozen to death by an endoplasm

Illustrated notes

Levels and vault maps discovered:
D:1:      giann_wishing_wells, layout_basic,
          shapermc_ecumenical_altar_starsandcircs

Action                   || total
-------------------------++-------
Melee: Unarmed           ||     6
 Cast: Sting             ||     5
Armor: Robe              ||     1
Dodge: Dodged            ||     7
